 Dungeon Crawl Stone Soup version 0.17-a0-1830-g81820eb (webtiles) character file.

340 Stormsson the Sneak (level 6, -4/32 HPs)
             Began as a Spriggan Assassin on Sept 13, 2015.
             Slain by a river rat (7 damage)
             ... on level 3 of the Dungeon.
             The game lasted 00:08:26 (1520 turns).

Stormsson the Sneak (Spriggan Assassin)             Turns: 1520, Time: 00:08:26

Health: -4/32      AC:  3    Str:  7    XL:     6   Next: 30%
Magic:  7/7        EV: 20    Int: 13    God:
Gold:   166        SH:  0    Dex: 19    Spells: 0 memorised, 5 levels left

rFire  . . .     SeeInvis +     a - +2 dagger
rCold  . . .     Clarity  .     c - +0 robe
rNeg   . . .     SustAt   .     (shield restricted)
rPois  .         Gourm    .     (helmet restricted)
rElec  .         Spirit   .     d - +0 cloak
rCorr  .         Warding  .     (gloves unavailable)
rMut   .         Stasis   .     (boots unavailable)
MR     +....                    (no amulet)
Stlth  ++........               (no ring)
                                (no ring)

@: very quick, somewhat resistant to hostile enchantments, unstealthy
A: unfitting armour, see invisible, herbivore 3, speed 3, slow metabolism 2
a: no special abilities


You were on level 3 of the Dungeon.
You were not hungry.

You visited 1 branch of the dungeon, and saw 3 of its levels.

You collected 166 gold pieces.

Inventory:

Hand weapons
 a - a +2 dagger (weapon)
 b - a +0 blowgun
Missiles
 e - 12 poisoned needles (quivered)
 f - 2 curare-tipped needles
Armour
 c - a +0 robe (worn)
 d - a +0 cloak (worn)
Jewellery
 q - an uncursed ring of protection from fire {unknown}
Scrolls
 j - 3 scrolls of teleportation
 n - 3 scrolls of identify
 r - a scroll of random uselessness {unknown}
Potions
 h - 2 potions of heal wounds
 k - a potion of curing {unknown}
 m - a potion of invisibility {unknown}
 o - a potion of ambrosia {unknown}
 p - a potion of agility {unknown}
 s - a potion of poison {unknown}
Comestibles
 g - 5 bread rations
 i - a slice of pizza
 l - 4 fruits


   Skills:
 + Level 2.8 Fighting
 * Level 5.0 Short Blades
 - Level 2.1 Throwing
 + Level 4.4 Dodging
 + Level 7.2 Stealth


You had 5 spell levels left.
You didn't know any spells.

Dungeon Overview and Level Annotations

Branches:
Dungeon (3/15)

Altars:


Innate Abilities, Weirdness & Mutations

You are tiny and cannot use many weapons and most armour.
You have supernaturally acute eyesight.
You are a herbivore.
You cover ground extremely quickly.
You need consume almost no food.


Message History

You barely miss the river rat. The river rat misses you.
You hit the river rat.
The river rat is lightly wounded.
The river rat closely misses you.
You barely miss the river rat.
The river rat is lightly wounded.
The river rat barely misses you.
You hit the river rat but do no damage.
The river rat is lightly wounded.
You hit the river rat.
The river rat is moderately wounded.
The river rat bites you!
* * * LOW HITPOINT WARNING * * *
Your unstable footing causes you to fumble your attack.
The river rat completely misses you.
You closely miss the river rat.
The river rat is moderately wounded.
The river rat twitches its whiskers.
The river rat bites you!
You die...

.#.....## ##.#.## ##.#...###
#.....# ###..#.....# ##.#>..#
##...##.###.## #....#.#
###..##...###..# ##...##.#
###...........##.###[..###.#
#....###.####........#.# #.#
#.##.# ###≈≈##+.....##.# #.##
#.#..# +≈≈≈≈@≈#.....##.# #...
#.#..# +≈≈≈r≈≈#........####..
#)...# ###≈≈##'......##......
###..#.###.####................
#..............................
#...#...#####..................
....###### #.####.............
......#### #.# ##............
#......... #.######...##...#.#


You could see a river rat.

Vanquished Creatures
  Grinder (D:3)
  A crimson imp (D:3)
  Ijyb (D:3)
  A gnoll (D:1)
  3 adders (D:2)
  A giant gecko (D:1)
  2 giant cockroaches (D:2)
  6 hobgoblins
  4 jackals (D:1)
  6 kobolds
  7 bats
  2 giant newts
  10 goblins
  7 rats
52 creatures vanquished.

Notes
Turn   | Place    | Note
--------------------------------------------------------------
     0 | D:1      | Stormsson the Spriggan Assassin began the quest for the Orb.
     0 | D:1      | Reached XP level 1. HP: 10/10 MP: 2/2
   114 | D:1      | Reached skill level 6 in Stealth
   120 | D:1      | Reached XP level 2. HP: 13/15 MP: 3/3
   368 | D:1      | Reached XP level 3. HP: 12/18 MP: 4/4
   994 | D:2      | Reached XP level 4. HP: 21/23 MP: 5/5
  1289 | D:3      | Reached skill level 7 in Stealth
  1305 | D:3      | Noticed Ijyb
  1333 | D:3      | Killed Ijyb
  1333 | D:3      | Reached XP level 5. HP: 18/26 MP: 6/6
  1431 | D:3      | Noticed Grinder
  1480 | D:3      | Killed Grinder
  1480 | D:3      | Reached skill level 5 in Short Blades
  1480 | D:3      | Reached XP level 6. HP: 9/32 MP: 7/7
  1520 | D:3      | Slain by a river rat

Vault maps used:
D:1:      matt_arrival_los_fun
D:2:      minmay_misc_feat_x, minmay_splitting_lines
D:3:      nemelex_xobeh_ov_fountains_minmay, gup_sewer_entry_bowl, uniq_iyjb,
          uniq_grinder

Action                   |  1- 3 |  4- 6 || total
-------------------------+-------+-------++-------
Melee: Dagger            |   106 |    64 ||   170
 Fire: Blowgun           |     4 |     9 ||    13
  Use: Scroll            |     3 |     1 ||     4
 Stab: Sleeping          |    15 |     2 ||    17
